 Dungeon Crawl Stone Soup version 0.30-a0-381-g6ea064c7b4 (webtiles) character file.

Game seed: 17821001713622195670

66 qeuew the Trooper (level 3, -1/29 HPs)
             Began as a Demonspawn Monk on Dec 1, 2022.
             Was a Priest of Dithmenos.
             Slain by an orc
             ... wielding a +0 mace
              (3 damage)
             ... on level 3 of the Dungeon.
             The game lasted 00:02:32 (2017 turns).

qeuew the Trooper (Demonspawn Monk)                 Turns: 2017, Time: 00:02:32

Health: -1/29      AC:  5    Str: 13    XL:     3   Next: 96%
Magic:  3/3        EV: 11    Int: 11    God:    Dithmenos [***...]
Gold:   123        SH:  0    Dex: 15    Spells: 2/2 levels left

rFire   . . .      SeeInvis .    d - +0 war axe
rCold   . . .      Faith    .    (no shield)
rNeg    . . .      Spirit   .    i - +0 ring mail
rPois   +          Reflect  .    (no helmet)
rElec   .          Harm     .    (no cloak)
rCorr   +          Rampage  .    (no gloves)
Will    .....                    (no boots)
Stlth   ++........               (no amulet)
HPRegen 0.24/turn                g - ring of resist corrosion
MPRegen 0.08/turn                k - ring of poison resistance

@: wreathed by umbra
A: demonic magic 1
a: Renounce Religion, Shadow Step


You were on level 3 of the Dungeon.
You worshipped Dithmenos.
Dithmenos was most pleased with you.
You visited 1 branch of the dungeon, and saw 3 of its levels.

You collected 123 gold pieces.

Inventory:

Hand Weapons
 d - a +0 war axe (weapon)
Armour
 i - a +0 ring mail (worn)
Jewellery
 c - a ring of magical power
 g - a ring of resist corrosion (left hand)
 k - a ring of poison resistance (right hand)
Scrolls
 a - 3 scrolls of identify
 e - a scroll of enchant armour
 h - a scroll of fear {unknown}
Potions
 b - a potion of degeneration {unknown}
 f - 3 potions of berserk rage
 m - a potion of curing


   Skills:
 + Level 3.4 Fighting
 + Level 3.1 Axes
 + Level 1.2 Armour
 + Level 3.1 Dodging
 - Level 1.7 Stealth
 + Level 0.4 Spellcasting
 * Level 1.1 Invocations


You had 2 spell levels left.
You didn't know any spells.
Your spell library contained the following spells:

 Spells                   Type           Power      Damage    Failure   Level
 Sandblast                Erth           0%         2d4       58%         1
 Ensorcelled Hibernation  Hex/Ice        0%         N/A       73%         2
 Passwall                 Tmut/Erth      0%         N/A       73%         2
 Stone Arrow              Conj/Erth      0%         3d7       91%         3
 Swiftness                Air            0%         N/A       91%         3


Dungeon Overview and Level Annotations

Branches:
Dungeon (3/15)

Altars:
Dithmenos
Hepliaklqana
Wu Jian


Innate Abilities, Weirdness & Mutations

Spells you cast may paralyse adjacent enemies.


Message History

No target in view!
No target in view!
Found a stone staircase leading up.
a - 2 scrolls of identify (gained 1)
You now have 123 gold pieces (gained 11).
a - 3 scrolls of identify (gained 1)
b - a fizzy black potion
Found a quarterstaff.
An orc comes into view.
It is wielding a +0 dagger of protection.
An orc is nearby!
An orc wizard comes into view. It is wielding a +0 dagger.
The orc shouts!
You hear a shout! x2
An orc comes into view. It is wielding a +0 mace.
The orc wizard moves out of view.
An orc comes into view.
It is wielding a +2 hand axe of electrocution.
The orc shouts!
You hear a shout!
An orc comes into view. It is wielding a +0 mace.
An orc priest comes into view. It is wielding a +0 hand axe.
The orc wizard shouts!
You hit the orc but do no damage. The orc hits you but does no damage.
The orc priest begins to cast a cantrip, but forgets the words!
The orc barely misses you.
You completely miss the orc. You barely miss the orc.
The orc hits you but does no damage.
The orc hits you with a +0 dagger of protection.
You barely miss the orc. You hit the orc but do no damage.
The orc hits you with a +0 mace. The orc barely misses you.
You hit the orc.
The orc is lightly wounded.
You hit the orc but do no damage. The orc hits you with a +0 mace!
The orc priest mumbles some strange prayers to Beogh against you.
Beogh smites you!
Ouch! That really hurt!
* * * LOW HITPOINT WARNING * * *
You emit a cloud of dark smoke.
The orc wizard casts a spell.
The orc wizard flickers and vanishes!
Deactivating autopickup; reactivate with Ctrl-A.
The orc hits you with a +0 mace.
You die...

.... #...
#o.# ..o#
..###{)##
... §o..##
#.# #oo..#
#.# #@§.#
#.# #§§.#
#.# #§..#
##.####.##
#.......#
#.#####.#
#.# #.##
#####.#
#..#
#.....#
#..#


You could see an orc priest and 4 orcs.

Vanquished Creatures
  2 adders (D:2)
  3 dart slugs
  3 endoplasms
  5 goblins
  5 hobgoblins
  6 kobolds
  2 quokkas (D:2)
  4 ball pythons
  6 bats
  A frilled lizard (D:1)
  4 rats
41 creatures vanquished.

Notes
Turn   | Place    | Note
-------+----------+-------------------------------------------
     0 | D:1      | qeuew the Demonspawn Monk began the quest for the Orb.
     0 | D:1      | Reached XP level 1. HP: 18/18 MP: 1/1
   283 | D:1      | Gained mutation: Spells you cast may paralyse adjacent
                  | enemies. [demonic ancestry]
   283 | D:1      | Reached XP level 2. HP: 17/24 MP: 2/2
   810 | D:2      | Reached skill level 1 in Armour
   818 | D:2      | HP: 1/24 [poisoned by an adder]
   819 | D:2      | Reached XP level 3. HP: 1/29 MP: 3/3
   883 | D:2      | Found a faded altar of an unknown god.
   908 | D:2      | Prayed at the altar of an unknown god.
   908 | D:2      | Became a worshipper of Dithmenos the Shadowed
   908 | D:2      | Reached * piety under Dithmenos
   908 | D:2      | Reached ** piety under Dithmenos
  1253 | D:2      | Reached *** piety under Dithmenos
  1413 | D:2      | Found a hazy altar of Hepliaklqana.
  1503 | D:2      | Reached skill level 1 in Invocations
  1884 | D:3      | Found an ornate altar of the Wu Jian Council.
  2017 | D:3      | Slain by an orc

Illustrated notes

Levels and vault maps discovered:
D:1:      psy_arrival_spokes, layout_rooms, nrook_uturn, dk_noncrumbling_3
D:2:      layout_basic, basic_altar, ebering_ecumenical_altar_mist,
          serial_forest, infiniplex_forest_end_1,
          infiniplex_forest_lined_corner, infiniplex_forest_fountain,
          infiniplex_forest_lined_1, infiniplex_forest_end_2,
          infiniplex_forest_lined_3, mrwooster_statue_mirror, minmay_surrounded
D:3:      layout_loops_ring, pdpol_wu_jian_five_deadly_venoms,
          makhleb_altar_promises_db, vehumet_statue, grunt_decor_cap,
          st_stairs_11

Skill      XL: |  1  2  3 |
---------------+----------+-----
Dodging        | 3 |  3.1
Axes           | 3 |  3.1
Armour         | 1 |  1.2
Invocations    | 1 |  1.1
Fighting       | |  3.4
Stealth        | |  1.7
Spellcasting   | |  0.4

Action                   || total
-------------------------++-------
Melee: Hand axe          ||    90
       Punch             ||     1
       War axe           ||    46
  Use: Scroll            ||     8
       Potion            ||     3
 Stab: Sleeping          ||     7
Armor: Robe              ||    23
       Ring mail         ||     2
Dodge: Dodged            ||   117

Table legend: (Time is in decaauts)
 A = Elapsed time spent in this place.
 B = Non-inter-level travel time spent in this place.
 C = Inter-level travel time spent in this place.
 D = Time resting spent in this place.
 E = Time spent auto-exploring this place.
 F = Levels seen in this place.
 G = Mean time per level.
                   A        B        C        D        E       F      G
               +--------+--------+--------+--------+--------+-----+--------+
         Total |   2058 |   1991 |     67 |      0 |   1567 |   3 |  686.0 |
       Dungeon |   2058 |   1991 |     67 |      0 |   1567 |   3 |  686.0 |
               +--------+--------+--------+--------+--------+-----+--------+

Top non-repeatable levels by time:
     D:2: 1107 daAuts
     D:1: 812 daAuts
     D:3: 137 daAuts
